 Dungeon Crawl Stone Soup version 0.26-a0-652-gafc20e3620 (webtiles) character file.

Game seed: 13833027709042490523

24648 Peloso the Carver (level 13, -7/111 HPs)
             Began as a Ghoul Fighter on Oct 1, 2020.
             Was a High Priest of Okawaru.
             Mangled by a torpor snail (17 damage)
             ... on level 4 of the Lair of Beasts.
             The game lasted 00:45:34 (19773 turns).

Peloso the Carver (Ghoul Fighter)                  Turns: 19773, Time: 00:45:35

Health: -7/111     AC: 21    Str: 22    XL:     13   Next: 14%
Magic:  13/13      EV:  9    Int:  3    God:    Okawaru [*****.]
Gold:   1619       SH: 12    Dex: 11    Spells: 12/12 levels left

rFire    + . .     SeeInvis +   a - +4 long sword
rCold    + . .     Faith    .   c - +0 kite shield
rNeg     + + +     Spirit   .   n - +0 chain mail
rPois    ∞         Reflect  .   t - +1 helmet {SInv}
rElec    .         Harm     .   j - scarf {shadows}
rCorr    .         Rampage  .   (no gloves)
MR       +....                  (no boots)
Stlth    ..........             S - amulet "Hahin" {RegenMP MR+}
HPRegen  0.00/turn              Q - ring of protection from fire
MPRegen  0.38/turn              q - ring of Robustness {AC+8}

@: slowed, very slow
A: rotting body, claws 1, cold resistance 1, negative energy resistance 3,
inhibited regeneration, torment resistance, unbreathing
a: Heroism, Finesse, Renounce Religion


You were on level 4 of the Lair of Beasts.
You worshipped Okawaru.
Okawaru was extremely pleased with you.
You visited 2 branches of the dungeon, and saw 16 of its levels.
You also visited: Ice Cave.

You collected 1619 gold pieces.

Inventory:

Hand Weapons
 a - a +4 long sword (weapon)
 K - a +0 hand crossbow
Missiles
 k - 106 bolts
Armour
 b - a +0 scale mail
 c - a +0 kite shield (worn)
 j - a scarf of shadows (worn)
 n - a +0 chain mail (worn)
 o - a +1 cloak
 t - a +1 helmet of see invisible (worn)
Jewellery
 l - an uncursed ring of protection from cold
 m - an uncursed ring of resist corrosion
 q - the ring of Robustness (right claw) {AC+8}
   (You found it on level 4 of the Dungeon)

   [ring of protection]

   It affects your AC (+8).
 J - a +6 ring of dexterity
 N - an uncursed amulet of regeneration {unknown}
 Q - a ring of protection from fire (left claw)
 S - the amulet "Hahin" (around neck) {RegenMP MR+}
   (You found it on level 1 of the Lair of Beasts)

   [amulet of magic regeneration]

   It increases your magic regeneration.
   It affects your resistance to hostile enchantments.
Wands
 y - a wand of digging (2)
 P - a wand of polymorph (11)
Scrolls
 d - 2 scrolls of fog
 f - 2 scrolls of identify
 g - 9 scrolls of remove curse
 h - 2 scrolls of teleportation
 p - 3 scrolls of blinking
 r - a scroll of summoning {unknown}
 v - 2 scrolls of fear
 Z - a scroll of noise
Potions
 e - 4 potions of curing
 i - a potion of resistance {unknown}
 z - 3 potions of heal wounds
 C - 2 potions of haste
 G - a potion of stabbing
 H - 2 potions of magic
 M - a potion of invisibility
 U - a potion of cancellation
 V - 4 potions of might
 Y - 2 potions of ambrosia


   Skills:
 + Level 9.3 Fighting
 + Level 13.3 Long Blades
 + Level 9.3 Armour
 + Level 4.6 Dodging
 + Level 2.3 Stealth
 + Level 10.5 Shields
 + Level 1.8 Invocations
 + Level 0.4 Evocations


You had 12 spell levels left.
You didn't know any spells.
Your spell library contained the following spells:

 Spells                   Type           Power        Failure   Level
 Corona                   Hex            #......      100%        1
 Ensorcelled Hibernation  Hex/Ice        #.....       100%        2
 Confusing Touch          Hex            #.......     100%        3
 Dazzling Flash           Conj/Hex       #.....       100%        3
 Tukima's Dance           Hex            #.......     100%        3
 Summon Demon             Summ           #.........   100%        5
 Summon Forest            Summ/Tloc      #.........   100%        5
 Summon Mana Viper        Hex/Summ       #.......     100%        5
 Shadow Creatures         Summ           N/A          100%        6
 Summon Hydra             Summ           #.........   100%        7


Dungeon Overview and Level Annotations

Branches:
Dungeon (12/15)            Temple (0/1) D:5            Lair (4/6) D:10
 Shoals (0/4) Lair:3        Snake (0/4) Lair:4          Orc (0/2) D:9
  IceCv (visited)

Altars:
Dithmenos
Elyvilon
Fedhas
Gozag
Hepliaklqana
Makhleb
Okawaru
Qazlal
Ru
Uskayaw
Zin
The Shining One

Shops:
D:7 [*

Annotations:
D:4 3 runed translucent doors, PanSaczeczos's ghost, novice DrSu; iamserjio's ghost, amateur OpCK; triki's ghost, amateur GnAM


Innate Abilities, Weirdness & Mutations

Your body is rotting away.
You thrive by killing the living.
You are immune to poison.
You have sharp fingernails.
Your flesh is cold resistant. (rC+)
You are immune to negative energy. (rN+++)
You do not regenerate when monsters are visible.
You are immune to unholy pain and torment.
You can survive without breathing.


Message History

* * * LOW HITPOINT WARNING * * *
You barely miss the torpor snail. You block the yak's attack.
The yak barely misses you.
You riposte.
You slice the yak!!
The yak is heavily wounded.
You hit the torpor snail but do no damage.
You block the yak's attack. The yak gores you but does no damage.
The torpor snail barely misses you. The yak gores you but does no damage.
Unknown command.
Unknown command.
Unknown command.
You hit the torpor snail.
The torpor snail is lightly wounded.
You block the yak's attack.
The torpor snail bites you but does no damage.
The yak gores you but does no damage.
Unknown command.
You hit the torpor snail but do no damage.
The torpor snail is lightly wounded.
The yak gores you but does no damage. x2; The torpor snail bites you!
You die...

.......#..< ..)........
≈≈..$......# ..).......≈
≈.#........ ......####.
;........## .).<..#
#..w......# ......#
#PP.......# ......#
#P........# ......# ##
####Y......##
.........#..#.##@#....:....##
...............YYw......./...
.)........[.....Y............
.............................
.............>...............
...................$.........
.............................
.......PP...................P
....P.P##.#P.##.P.##...P..##


You could see a torpor snail and 3 yaks.

Vanquished Creatures
  2 ice dragons (IceCv)
  2 two-headed ogres
  3 death yaks (Lair:2)
  Urug (Lair:1)
  Sonja (D:10)
  An unseen horror (D:11)
  An ugly thing (D:11)
  A manticore (D:11)
  3 black mambas
  2 ice statues (IceCv)
  Maggie (D:7)
  2 rime drakes (IceCv)
  3 cane toads
  3 komodo dragons
  A troll (D:11)
  Grinder (D:4)
  3 hippogriffs
  8 yaks
  Eustachio (D:4)
  A wyvern (D:11)
  3 nagas (Lair:4)
  3 wargs (D:10)
  Duvessa (D:7)
  6 water moccasins
  2 porcupines
  15 ice beasts
  4 sky beasts
  3 black bears
  3 phantoms
  A necrophage (D:11)
  5 ogres
  6 wolves (Lair:1)
  5 centaurs
  4 crocodiles
  8 bullfrogs
  2 big kobolds (D:9)
  A gnoll sergeant (D:6)
  Dowan (D:7)
  2 scorpions
  51 killer bees
  15 wights
  11 howler monkeys
  An electric eel (Lair:3)
  4 jellies
  2 bullfrog zombies
  2 centaur zombies (D:6)
  3 hounds
  8 orc priests
  2 bullfrog skeletons
  A gnoll shaman (D:8)
  10 orc wizards
  Crazy Yiuf (D:3)
  Jessica (D:2)
  Terence (D:3)
  4 iguanas
  5 worker ants
  3 hound skeletons
  Robin (D:2)
  10 adders
  10 gnolls
  A howler monkey skeleton (D:4)
  3 shadow imps
  6 white imps
  An ufetubus (D:8)
  2 oozes
  2 adder skeletons
  3 dart slugs
  10 leopard geckos
  41 orcs
  6 giant cockroaches
  16 goblins
  7 hobgoblins
  6 jackals
  5 quokkas
  8 bats
  3 frilled lizards
  A jackal skeleton (D:9)
  12 kobolds
  5 rats
400 creatures vanquished.

Vanquished Creatures (others)
  15 fungi
  20 plants
35 creatures vanquished.

Grand Total: 435 creatures vanquished

Notes
Turn   | Place    | Note
-------+----------+-------------------------------------------
     0 | D:1      | Peloso the Ghoul Fighter began the quest for the Orb.
     0 | D:1      | Reached XP level 1. HP: 19/19 MP: 0/0
   374 | D:1      | Reached XP level 2. HP: 26/26 MP: 1/1
   681 | D:1      | Reached skill level 2 in Long Blades
  1080 | D:2      | Reached XP level 3. HP: 29/33 MP: 2/2
  1387 | D:2      | Noticed Jessica
  1392 | D:2      | Killed Jessica
  1392 | D:2      | Reached XP level 4. HP: 37/40 MP: 3/3
  1625 | D:2      | Found a hazy altar of Hepliaklqana.
  1892 | D:2      | Noticed Robin
  1916 | D:2      | Killed Robin
  1916 | D:2      | Reached skill level 1 in Dodging
  1962 | D:2      | Found an iron altar of Okawaru.
  1993 | D:2      | Became a worshipper of Warmaster Okawaru
  2453 | D:3      | Found an opulent altar of Gozag.
  2522 | D:3      | Reached XP level 5. HP: 39/46 MP: 4/4
  2718 | D:3      | Noticed Terence
  2742 | D:3      | Killed Terence
  2894 | D:3      | Reached skill level 3 in Long Blades
  3460 | D:3      | Found a runed translucent door.
  3461 | D:3      | Noticed Crazy Yiuf
  3474 | D:3      | Killed Crazy Yiuf
  3474 | D:3      | Reached XP level 6. HP: 16/52 MP: 5/5
  3711 | D:4      | Found a white marble altar of Elyvilon.
  3742 | D:4      | Reached * piety under Okawaru
  3742 | D:4      | Reached skill level 4 in Long Blades
  3930 | D:4      | Noticed Grinder
  3948 | D:4      | Paralysed by Grinder for 3 turns
  3971 | D:4      | Killed Grinder
  3971 | D:4      | Reached XP level 7. HP: 29/59 MP: 6/6
  4128 | D:4      | Noticed Eustachio
  4168 | D:4      | Killed Eustachio
  4333 | D:4      | Found the ring of Robustness {AC+8}
  4734 | D:4      | Reached XP level 8. HP: 56/67 MP: 7/7
  4752 | D:4      | Found a blossoming altar of Fedhas.
  4832 | D:4      | Reached skill level 5 in Long Blades
  5012 | D:4      | Found a runed translucent gate.
  5013 | D:4      | Found a runed translucent gate.
  5014 | D:4      | Found a runed translucent gate.
  5015 | D:4      | Noticed iamserjio's ghost (amateur OpCK)
  5016 | D:4      | Noticed triki's ghost (amateur GnAM)
  5016 | D:4      | Noticed PanSaczeczos's ghost (novice DrSu)
  5048 | D:4      | Reached skill level 5 in Armour
  5205 | D:5      | Entered Level 5 of the Dungeon
  5375 | D:5      | Found a staircase to the Ecumenical Temple.
  5538 | D:5      | Found a hide-covered altar of Uskayaw.
  6095 | D:6      | Reached ** piety under Okawaru
  6172 | D:6      | Reached skill level 5 in Shields
  6349 | D:6      | Reached skill level 5 in Fighting
  6424 | D:6      | Reached skill level 6 in Long Blades
  6454 | D:6      | Reached XP level 9. HP: 67/74 MP: 8/8
  6497 | D:6      | Found an iron altar of Okawaru.
  6528 | D:6      | Found a shadowy altar of Dithmenos.
  6528 | D:6      | Found a glowing golden altar of the Shining One.
  6910 | D:6      | Found a glowing silver altar of Zin.
  6962 | D:6      | Found a blossoming altar of Fedhas.
  7637 | D:7      | Noticed Maggie
  7658 | D:7      | Killed Maggie
  7658 | D:7      | Reached skill level 7 in Long Blades
  7660 | D:7      | Reached *** piety under Okawaru
  8114 | D:7      | Found Manemept's Armour Shoppe.
  8134 | D:7      | Found a stormy altar of Qazlal.
  8272 | D:7      | Got a faintly glowing ring mail
  8283 | D:7      | Identified the cursed +0 ring mail of Mirth {rN+ Str-3
                  | Stlth+} (You found it on level 7 of the Dungeon)
  8322 | D:7      | Noticed Dowan
  8324 | D:7      | Noticed Duvessa
  8342 | D:7      | Killed Duvessa
  8353 | D:7      | Found Fomiw's Assorted Antiques.
  8358 | D:7      | Killed Dowan
  8591 | D:8      | Reached skill level 8 in Long Blades
  8605 | D:8      | Reached XP level 10. HP: 83/83 MP: 9/9
  8660 | D:8      | You fall into a shaft and drop 2 floors!
  8660 | D:10     | Entered Level 10 of the Dungeon
  9177 | D:10     | Found a staircase to the Lair.
  9336 | D:9      | Found a staircase to the Orcish Mines.
  9465 | D:9      | Reached **** piety under Okawaru
  9472 | D:9      | Reached skill level 9 in Long Blades
  9526 | D:9      | Noticed a two-headed ogre
  9539 | D:9      | Killed a two-headed ogre
  9987 | D:9      | Reached ***** piety under Okawaru
 10324 | D:9      | Reached XP level 11. HP: 76/92 MP: 7/10
 10483 | D:9      | Found a sacrificial altar of Ru.
 10970 | D:8      | Reached skill level 10 in Long Blades
 11016 | D:8      | Found a hide-covered altar of Uskayaw.
 11031 | D:8      | Received a gift from Okawaru
 11125 | D:8      | Found a burning altar of Makhleb.
 11963 | D:10     | Noticed Sonja
 11971 | D:10     | Killed Sonja
 12178 | D:11     | Noticed a manticore
 12189 | D:11     | Killed a manticore
 12189 | D:11     | Reached skill level 1 in Stealth
 12201 | D:11     | Noticed an unseen horror
 12230 | D:11     | Killed an unseen horror
 12277 | D:11     | Found Vitsyqog's Gadget Shop.
 12338 | D:11     | Found a frozen archway.
 12354 | IceCv    | Entered an ice cave
 12574 | IceCv    | Reached skill level 11 in Long Blades
 13250 | IceCv    | Noticed an ice dragon
 13250 | IceCv    | Noticed an ice dragon
 13279 | IceCv    | Killed an ice dragon
 13325 | IceCv    | Killed an ice dragon
 13325 | IceCv    | Reached skill level 1 in Invocations
 13325 | IceCv    | Reached XP level 12. HP: 31/103 MP: 8/11
 13950 | D:11     | Received a gift from Okawaru
 14081 | D:11     | Reached skill level 12 in Long Blades
 14126 | D:11     | Noticed a two-headed ogre
 14135 | D:11     | Killed a two-headed ogre
 14323 | D:12     | Noticed a seven-headed hydra
 14596 | Lair:1   | Entered Level 1 of the Lair of Beasts
 15336 | Lair:1   | Got a twitching zirconium amulet
 15342 | Lair:1   | Identified the amulet "Hahin" {RegenMP MR+} (You found it
                  | on level 1 of the Lair of Beasts)
 15711 | Lair:1   | You fall into a shaft and drop 1 floor!
 15979 | Lair:2   | Noticed a death yak
 15980 | Lair:2   | Noticed a death yak
 15983 | Lair:2   | Noticed a death yak
 15999 | Lair:2   | Killed a death yak
 16015 | Lair:2   | Killed a death yak
 16015 | Lair:2   | Reached skill level 10 in Shields
 16026 | Lair:2   | Killed a death yak
 16741 | Lair:2   | Reached ****** piety under Okawaru
 16741 | Lair:2   | Received a gift from Okawaru
 16741 | Lair:2   | Reached skill level 13 in Long Blades
 17403 | Lair:1   | Noticed Urug
 17415 | Lair:1   | Killed Urug
 17415 | Lair:1   | Reached XP level 13. HP: 85/111 MP: 13/13
 18509 | Lair:3   | Found a staircase to the Shoals.
 19153 | Lair:4   | Found a staircase to the Snake Pit.
 19773 | Lair:4   | Mangled by a torpor snail

Illustrated notes

Levels and vault maps discovered:
D:1:      wander_arrival_desolate, layout_basic
D:2:      layout_loops_corners, overflow_temple_1_default, okawaru_gym_becter,
          uniq_jessica, uniq_robin
D:3:      layout_basic, grunt_gozag_statues, uniq_crazy_yiuf_cottage,
          uniq_terence
D:4:      layout_loops_cross, overflow_temple_1_default,
          gammafunk_ghost_cemetery, fedhas_ov_isle_minmay, uniq_eustachio,
          uniq_grinder
D:5:      layout_cave_pools, minmay_temple_entry_offerings, basic_altar,
          corexii_checkpoint_b, wad_floor_pattern_untrapped,
          kennysheep_generic_room_7
D:6:      layout_cave_pools, kennysheep_mini, nicolae_overflow_hidden_temple,
          grunt_temple_overflow_open, kennysheep_generic_room_9
D:7:      layout_rooms, nicolae_qazlal_eye_of_the_storm, serial_shops,
          nicolae_shop_waterfront, shop, uniq_duvessa, uniq_maggie
D:8:      layout_gridville, eat_drink_and_be_merry_uskayaw,
          makhleb_heckhound_becter, minmay_manual_mess
D:9:      layout_stronghold, nicolae_ru_awakened_eye, orc_0_dummy,
          hangedman_abyss_or_decor_clamps
D:10:     layout_irregular_city, erik_lair_orcish_takeover, uniq_sonja
D:11:     layout_basic, portal_ice_cave_entry_pillars_1, serial_shops, shop
D:12:     layout_cave_pools
Lair:1:   wad_woods_minihive, layout_gridlike, uniq_urug
Lair:2:   layout_layer_cave, chequers_serial_rivers_large_a, wad_woods_road_05
Lair:3:   layout_small_grid, minmay_shoals_entry_centaurs, serial_bayou_shore_a,
          infiniplex_staircase_pool_2
Lair:4:   layout_big_grid, minmay_snake_entry_guardpost_small,
          infiniplex_staircase_pool

Skill      XL: |  1  2  3  4  5  6  7  8  9 10 11 12 13 |
---------------+----------------------------------------+-----
Long Blades    | 2 3 4 6 8 9 11 13 | 13.3
Armour         | 3 4 5 6 7 8 9 |  9.3
Shields        | 3 4 5 6 7 8 10 | 10.5
Dodging        | 1 2 3 4 |  4.6
Fighting       | 4 5 7 8 9 |  9.3
Stealth        | 1 2 |  2.3
Invocations    | 1 |  1.8
Evocations     | |  0.4

Action                   |  1- 3 |  4- 6 |  7- 9 | 10-12 | 13-15 || total
-------------------------+-------+-------+-------+-------+-------++-------
Melee: Long sword        |    92 |   255 |   545 |  1169 |   142 ||  2203
Invok: Heroism           |       |       |     6 |    13 |     2 ||    21
Evoke: Wand              |       |       |       |     5 |     5 ||    10
  Use: Potion            |     1 |     1 |     3 |     4 |       ||     9
       Scroll            |       |       |    11 |     8 |     6 ||    25
 Stab: Paralysed         |       |       |       |     2 |       ||     2
Armor: Scale mail        |    54 |    67 |       |       |       ||   121
       Chain mail        |       |    49 |   508 |   939 |    47 ||  1543
Dodge: Dodged            |    41 |    94 |   177 |   551 |    36 ||   899
Block: Kite shield       |    65 |   144 |   389 |   918 |    75 ||  1591
       Rpst.: Long sword |     7 |    34 |    48 |   166 |    14 ||   269

Table legend: (Time is in decaauts)
 A = Elapsed time spent in this place.
 B = Non-inter-level travel time spent in this place.
 C = Inter-level travel time spent in this place.
 D = Time resting spent in this place.
 E = Time spent auto-exploring this place.
 F = Levels seen in this place.
 G = Mean time per level.
                   A        B        C        D        E       F      G
               +--------+--------+--------+--------+--------+-----+--------+
         Total |  19869 |  19332 |    537 |   2377 |  12089 |  17 | 1168.8 |
       Dungeon |  13769 |  13303 |    466 |   1206 |   8640 |  12 | 1147.4 |
          Lair |   4642 |   4571 |     71 |    536 |   2940 |   4 | 1160.5 |
      Ice Cave |   1457 |   1457 |      0 |    635 |    508 |   1 | 1457.0 |
               +--------+--------+--------+--------+--------+-----+--------+

Top non-repeatable levels by time:
    D:10: 1653 daAuts
  Lair:1: 1576 daAuts
     D:9: 1568 daAuts
     D:3: 1539 daAuts
     D:4: 1526 daAuts
  Lair:2: 1505 daAuts
   IceCv: 1457 daAuts
  Lair:3: 1271 daAuts
     D:2: 1193 daAuts
     D:5: 1122 daAuts
     D:7: 1098 daAuts
     D:1: 1083 daAuts
     D:6: 1077 daAuts
     D:8: 1005 daAuts
    D:11: 875 daAuts
